 Dungeon Crawl Stone Soup version 0.26.1-11-gd32895ea62 (webtiles) character file.

Game seed: 14951214932746967882

85 buriedalive the Chiller (level 4, -4/24 HPs)
             Began as a Deep Elf Ice Elementalist on May 20, 2021.
             Slain by a gnoll
             ... wielding a +0 halberd
              (15 damage)
             ... on level 2 of the Dungeon.
             The game lasted 00:06:20 (2513 turns).

buriedalive the Chiller (Deep Elf Ice Elementalist) Turns: 2513, Time: 00:06:20

Health: -4/24      AC:  3    Str:  5    XL:     4   Next: 25%
Magic:  10/12      EV: 14    Int: 21    God:
Gold:   115        SH:  0    Dex: 15    Spells: 4/11 levels left

rFire    . . .     SeeInvis .   s - +2 dagger (speed)
rCold    . . .     Faith    .   (no shield)
rNeg     . . .     Spirit   .   a - +0 robe
rPois    .         Reflect  .   b - +0 helmet
rElec    .         Harm     .   (no cloak)
rCorr    .         Rampage  .   (no gloves)
Will     .....                  (no boots)
Stlth    ++........             (no amulet)
HPRegen  0.08/turn              (no ring)
MPRegen  0.13/turn              (no ring)

@: no status effects
A: no striking features
a: no special abilities


You were on level 2 of the Dungeon.
You visited 1 branch of the dungeon, and saw 2 of its levels.

You collected 115 gold pieces.

Inventory:

Hand Weapons
 h - a +0 dagger
 r - a +2 long sword of protection
 s - a +2 dagger of speed (weapon)
Missiles
 m - 4 atropa-tipped darts
 n - 60 stones
Armour
 a - a +0 robe (worn)
 b - a +0 helmet (worn)
 v - a +2 buckler
Jewellery
 e - an uncursed amulet of regeneration {unknown}
 i - an uncursed ring of flight {unknown}
Scrolls
 d - 2 scrolls of enchant armour {unknown}
 f - 2 scrolls of remove curse {unknown}
 k - a scroll of amnesia {unknown}
 o - a scroll of fear {unknown}
 p - 4 scrolls of identify {unknown}
 q - a scroll of noise {unknown}
 t - a scroll of teleportation {unknown}
Potions
 c - 3 potions of ambrosia {unknown}
 g - a potion of curing {unknown}
 j - 2 potions of lignification {unknown}
 l - a potion of might {unknown}
 u - a potion of haste {unknown}


   Skills:
 + Level 3.7 Dodging
 - Level 2.4 Stealth
 + Level 4.3 Spellcasting
 + Level 5.1 Ice Magic


You had 4 spell levels left.
You knew the following spells:

 Your Spells              Type           Power        Failure   Level
a - Freeze                Ice            100%         1%          1
b - Frozen Ramparts       Ice            52%          4%          3
c - Ozocubu's Armour      Ice            26%          4%          3

Your spell library contained the following spells:

 Spells                   Type           Power        Failure   Level
 Hailstorm                Conj/Ice       15%          38%         4
 Summon Ice Beast         Ice/Summ       15%          38%         4


Dungeon Overview and Level Annotations

Branches:
Dungeon (2/15)

Altars:
Fedhas


Message History

The gnoll closely misses you. The gnoll hits you with a +0 halberd!
Ouch! That really hurt!
Casting: Freeze (safe; 1% risk of failure)
Confirm with . or Enter, or press ? or * to list all spells.
Aiming: Freeze (safe; 1% risk of failure)
Press: ? - help, Shift-Dir - straight line, f - gnoll
Aim: a gnoll, wielding a +0 halberd You freeze the gnoll.
The gnoll is moderately wounded.
Casting: Freeze (safe; 1% risk of failure)
Confirm with . or Enter, or press ? or * to list all spells.
Aiming: Freeze (safe; 1% risk of failure)
Press: ? - help, Shift-Dir - straight line, f/p - gnoll
Aim: a gnoll, wielding a +0 halberd (moderately wounded)
You freeze the gnoll.
The gnoll is almost dead.
The gnoll hits you with a +0 halberd!
Ouch! That really hurt!
You die...

#.#)##.#####.###..#
#†#.≈..≈.≈...≈≈.≈.#
..#.....≈≈.≈≈..≈..#
###...≈≈≈≈≈≈≈≈≈...#
#..≈≈≈≈≈≈≈≈≈≈≈..#
#...≈≈≈≈≈≈≈≈≈...#
##≈≈≈≈≈≈♣.≈≈≈...#
#≈.≈≈≈._≈≈≈≈≈..#
#.≈≈≈≈.≈≈≈≈≈.@.#
#..≈≈g≈≈≈≈≈≈g..#
####.≈≈≈≈≈≈≈≈≈≈..##
......≈≈≈≈≈≈≈≈≈≈.#
####≈≈..≈.≈.≈≈≈≈≈#
#≈≈.≈≈..≈...≈≈#
###############


You could see a gnoll.

Vanquished Creatures
  3 gnolls (D:2)
  An adder (D:2)
  An ooze (D:1)
  A dart slug (D:2)
  2 leopard geckos
  2 giant cockroaches
  4 goblins
  4 hobgoblins (D:1)
  A quokka (D:2)
  A ball python (D:1)
  5 bats
  8 kobolds
  7 rats
40 creatures vanquished.

Notes
Turn   | Place    | Note
-------+----------+-------------------------------------------
     0 | D:1      | buriedalive the Deep Elf Ice Elementalist began the quest
                  | for the Orb.
     0 | D:1      | Reached XP level 1. HP: 10/10 MP: 6/6
   400 | D:1      | Reached XP level 2. HP: 15/15 MP: 6/8
  1441 | D:2      | Reached XP level 3. HP: 18/19 MP: 5/10
  1895 | D:2      | Reached skill level 5 in Ice Magic
  1943 | D:2      | Reached XP level 4. HP: 8/24 MP: 9/12
  2255 | D:2      | Learned a level 3 spell: Frozen Ramparts
  2259 | D:2      | Learned a level 3 spell: Ozocubu's Armour
  2335 | D:2      | Found a faded altar of an unknown god.
  2407 | D:2      | Found a blossoming altar of Fedhas.
  2513 | D:2      | Slain by a gnoll

Illustrated notes

Levels and vault maps discovered:
D:1:      dpeg_arrival_connections, layout_rooms, st_stairs_10, hex_tiny,
          glass_columns_b, minmay_nonomino_d4
D:2:      layout_loops_ring, marbit_many_paths, chequers_ecumenical_altar_island

Skill      XL: |  1  2  3 |
---------------+----------+-----
Dodging        | 3 |  3.7
Spellcasting   | 4 |  4.3
Ice Magic      | 5 |  5.1
Stealth        | |  2.4

Action                   |  1- 3 |  4- 6 || total
-------------------------+-------+-------++-------
Melee: Unarmed           |     6 |       ||     6
       Dagger            |    47 |     2 ||    49
 Cast: Freeze            |    36 |    11 ||    47
 Stab: Sleeping          |     3 |       ||     3
Armor: Robe              |    25 |     1 ||    26
Dodge: Dodged            |    57 |     8 ||    65
